 Dungeon Crawl Stone Soup version 0.20.1-1-g8b1a95d (webtiles) character file.

38 dohliylev the Sneak (level 3, -4/24 HPs)
             Began as a Vampire Enchanter on July 15, 2017.
             Killed from afar by Natasha (8 damage)
             ... with a wand of flame (?/48)
             ... on level 2 of the Dungeon.
             The game lasted 00:04:26 (1203 turns).

dohliylev the Sneak (Vampire Enchanter)             Turns: 1203, Time: 00:04:27

Health: -4/24      AC:  4    Str:  7    XL:     3   Next: 25%
Magic:  2/6        EV: 12    Int: 18    God:
Gold:   113        SH:  0    Dex: 14    Spells: 3/6 levels left

rFire    . . .     SeeInvis +   l - +2 short sword (elec)
rCold    . . .     Gourm    .   (no shield)
rNeg     . . .     Faith    .   g - +0 leather armour (curse)
rPois    .         Spirit   .   m - +0 helmet
rElec    .         Reflect  .   (no cloak)
rCorr    .         Harm     .   (no gloves)
MR       .....                  (no boots)
Stlth    +++.......             (no amulet)
Regen    0.3/turn               e - +1 ring of slaying
MPRegen  0.1/turn               (no ring)

@: regenerating quickly
A: fangs 3, see invisible, unbreathing
a: no special abilities


You were on level 2 of the Dungeon.
You were full.

You visited 1 branch of the dungeon, and saw 2 of its levels.

You collected 113 gold pieces.

Inventory:

Hand Weapons
 a - a +1 dagger
 l - a +2 short sword of electrocution (weapon)
Armour
 b - a +0 robe
 g - a cursed +0 leather armour (worn)
 m - a +0 helmet (worn)
Jewellery
 e - a +1 ring of slaying (left hand)
 q - an uncursed amulet of harm {unknown}
Scrolls
 h - a scroll of recharging {unknown}
 i - 2 scrolls of identify {unknown}
 k - a scroll of fear {unknown}
 n - a scroll of immolation {unknown}
 p - a scroll of magic mapping {unknown}
Potions
 d - 3 potions of blood
 f - a potion of curing {unknown}
 j - a potion of brilliance {unknown}
 o - a potion of magic {unknown}
Books
 c - a book of Maledictions

   Spells                             Type                      Level
   a - Corona                         Hexes                        1
   b - Ensorcelled Hibernation        Hexes/Ice                    2
   c - Confuse                        Hexes                        3
   d - Tukima's Dance                 Hexes                        3
   e - Dazzling Spray                 Conjuration/Hexes            3


   Skills:
 + Level 1.5 Short Blades
 - Level 2.1 Dodging
 + Level 6.4 Stealth
 - Level 2.0 Spellcasting
 - Level 4.4 Hexes


You had 3 spell levels left.
You knew the following spells:

 Your Spells              Type           Power        Failure   Level  Hunger
a - Corona                Hex            ###....      4%          1    #......
b - Ensorcelled Hibernat  Hex/Ice        #.....       17%         2    ###....


Dungeon Overview and Level Annotations

Branches:
Dungeon (2/15)

Altars:

Annotations:
D:2 Natasha


Innate Abilities, Weirdness & Mutations

Your natural rate of healing is unusually fast.
You have razor-sharp teeth.
You have supernaturally acute eyesight. (SInv)
You can survive without breathing.


Message History

The adder closely misses you.
You hit the adder. Lightning courses through the adder!
You kill the adder!
Natasha casts a spell.
You hit the iron imp but do no damage. The iron imp barely misses you.
The crimson imp shouts, "Go and return not, thou euchred hedge-born hedge-pig!"
Found a stone staircase leading down.
Natasha zaps a wand.
The puff of flame hits you!
It is a wand of flame (?/48).
The crimson imp blinks!
The crimson imp barely misses you.
The crimson imp hits you but does no damage.
Natasha stares at you and mumbles some strange words.
You resist with some effort.
The crimson imp blinks!
Natasha zaps a wand.
The puff of flame hits you!
* * * LOW HITPOINT WARNING * * *
The crimson imp blinks!
Your magical contamination has completely faded away.
Natasha zaps a wand.
The puff of flame hits you!
You die...

..r.........#..#
............#.5#
............##.##
............##.h# #
........######..##.#
.................#.#
...................#
#####.......5....###
#...$......@>#
##############


You could see an iron imp, Natasha and a crimson imp.

Vanquished Creatures
  An adder (D:2)
  2 leopard geckos (D:1)
  A giant cockroach (D:1)
  2 hobgoblins
  2 jackals (D:1)
  3 bats
  2 frilled lizards
  4 goblins
  4 kobolds (D:1)
  8 rats
29 creatures vanquished.

Notes
Turn   | Place    | Note
-------+----------+-------------------------------------------
     0 | D:1      | dohliylev the Vampire Enchanter began the quest for the Orb.
     0 | D:1      | Reached XP level 1. HP: 13/13 MP: 3/3
   232 | D:1      | Reached skill level 5 in Stealth
   347 | D:1      | Reached XP level 2. HP: 19/19 MP: 5/5
   543 | D:1      | Learned a level 2 spell: Ensorcelled Hibernation
   789 | D:1      | Reached skill level 6 in Stealth
  1015 | D:2      | Found a faded altar of an unknown god.
  1082 | D:2      | Reached XP level 3. HP: 18/24 MP: 6/6
  1157 | D:2      | Noticed Natasha
  1203 | D:2      | Killed from afar by Natasha

Skill      XL: |  1  2 |
---------------+-------+-----
Stealth        | 5 6 |  6.4
Short Blades   | |  1.5
Dodging        | |  2.1
Spellcasting   | |  2.0
Hexes          | |  4.4

Action                   || total
-------------------------++-------
Melee: Short sword       ||    69
       Dagger            ||    11
       Bite              ||     2
 Cast: Corona            ||     1
       Ensorcelled Hiber ||     2
 Stab: Sleeping          ||     2
  Eat: Corpse            ||     9
Armor: Leather armour    ||    17
Dodge: Dodged            ||    71
